 Dungeon Crawl Stone Soup version 0.17-a0-2144-gd7f430c (webtiles) character file.

28716 GilaZews the Grappler (level 13, -3/192 HPs)
             Began as a Troll Berserker on Oct 24, 2015.
             Was a High Priest of Trog.
             Slain by a boulder beetle (12 damage)
             ... on level 4 of the Lair of Beasts.
             The game lasted 01:05:40 (14533 turns).

GilaZews the Grappler (Troll Berserker)            Turns: 14533, Time: 01:05:40

Health: -3/192     AC: 11    Str: 37    XL:     13   Next: 11%
Magic:  12/12      EV: 13    Int:  7    God:    Trog [*****.]
Gold:   1058       SH:  0    Dex: 11    Spells: 0 memorised, 12 levels left

rFire  + . .     SeeInvis .       - Unarmed
rCold  . . .     Clarity  .     A - +2 robe of the Wild Haggis {+Fly rPois Int+4 Slay+3}
rNeg   . . .     SustAt   .     (no shield)
rPois  +         Gourm    +     Y - +2 hat
rElec  .         Spirit   .     r - +1 cloak
rCorr  .         Warding  .     (gloves unavailable)
rMut   .         Stasis   .     (boots unavailable)
MR     .....                    (no amulet)
Stlth  ..........               i - +2 ring of dexterity
                                y - ring of protection from fire

@: berserking (expiring), very quick, not resistant to hostile enchantments,
extremely unstealthy
A: unfitting armour, claws 3, fast metabolism 3, gourmand, regeneration 2,
shaggy fur 1, tough skin 2
a: Berserk, Trog's Hand, Brothers in Arms, Burn Spellbooks, Renounce Religion,
Evoke Flight


You were on level 4 of the Lair of Beasts.
You worshipped Trog.
Trog was extremely pleased with you.
You were full.

You visited 2 branches of the dungeon, and saw 16 of its levels.
You also visited: Bailey and Volcano.

You collected 1058 gold pieces.

Inventory:

Hand Weapons
 n - a +0 blowgun
Missiles
 c - 3 curare-tipped needles
 f - 17 javelins of returning
 g - 75 poisoned needles
 l - 412 stones
 E - 3 needles of paralysis
 J - 13 large rocks (quivered)
 W - 6 steel javelins
 Z - 5 needles of confusion
Armour
 r - a +1 cloak (worn)
 A - the +2 robe of the Wild Haggis (worn) {+Fly rPois Int+4 Slay+3}
   (You found it on level 4 of the Dungeon)

   It affects your intelligence (+4).
   It affects your accuracy and damage with ranged weapons and melee attacks
   (+3).
   It protects you from poison.
   It lets you fly.
 R - a +0 shield
 Y - a +2 hat (worn)
Jewellery
 i - a +2 ring of dexterity (right claw)
 m - an uncursed ring of see invisible
 s - an uncursed ring of positive energy
 y - a ring of protection from fire (left claw)
Wands
 L - a wand of flame (35)
 M - a wand of teleportation (5)
 S - a wand of digging (9)
Scrolls
 a - a scroll of recharging
 d - a scroll of holy word {unknown}
 h - 7 scrolls of remove curse
 v - 3 scrolls of fear {unknown}
 x - 4 scrolls of amnesia {unknown}
 F - a scroll of noise {unknown}
 I - a scroll of blinking
 N - 2 scrolls of vulnerability {unknown}
 O - 5 scrolls of enchant weapon {unknown}
 X - a scroll of random uselessness {unknown}
Potions
 e - 4 potions of haste
 o - a potion of berserk rage
 p - a potion of flight
 q - 5 potions of brilliance
 t - 2 potions of lignification
 u - 6 potions of agility
 w - 3 potions of cancellation
 B - 3 potions of heal wounds
 C - 3 potions of might
 D - a potion of magic {unknown}
 G - 2 potions of ambrosia {unknown}
 K - a potion of experience {unknown}
 P - 2 potions of resistance {unknown}
 T - 2 potions of degeneration {unknown}
 U - a potion of mutation {unknown}
 V - 2 potions of curing {unknown}
Comestibles
 b - 14 bread rations
 z - 2 meat rations
 H - 15 royal jellies
 Q - 15 fruits


   Skills:
 + Level 8.5 Fighting
 + Level 9.2 Throwing
 + Level 8.2 Dodging
 * Level 8.0 Shields
 + Level 12.2 Unarmed Combat


You had 12 spell levels left.
You didn't know any spells.

Dungeon Overview and Level Annotations

Branches:
Dungeon (12/15)            Temple (0/1) D:7            Lair (4/8) D:9
    Orc (0/4) D:10
  Swamp: Lair:3-6    Shoals: Lair:3-6     Snake: Lair:3-6    Spider: Lair:3-6

Altars:
Cheibriados
Dithmenos
Fedhas
Kikubaaqudgha
Makhleb
Qazlal
Ru
Trog
Xom
Zin
Beogh

Shops:
D:6 :

Annotations:
Lair:2 Sonja


Innate Abilities, Weirdness & Mutations

You are too large for most types of armour.
You have claws for hands.
Your metabolism is lightning-fast.
You like to eat raw meat.
You heal very quickly.
You are covered in fur (AC +1).
You have very tough skin (AC +2).


Message History

Trog accepts your kill.
You scratch the boulder beetle but do no damage.
The boulder beetle bites you!
* * * LOW HITPOINT WARNING * * *
You scratch the boulder beetle but do no damage.
You claw the boulder beetle!
The boulder beetle is lightly wounded.
You claw the boulder beetle!
The boulder beetle is moderately wounded.
The boulder beetle barely misses you.
You claw the boulder beetle!
The boulder beetle is heavily wounded.
You claw the boulder beetle!
The boulder beetle is heavily wounded.
You scratch the boulder beetle but do no damage.
The boulder beetle is heavily wounded.
You claw the boulder beetle! x2
The boulder beetle is almost dead.
The boulder beetle bites you!
You die...

.............## #P##...####.....
..............## ####............
.##.##.........## #.............
.#P.............#####.#....#.....
..................##.###<.###....
..#........................#.#...
.##...............#..#.##.##.....
......P...........#######.##.....
#...............@B##### #........
###...................###........
##...................##P.##.....
##................###............
#P....##.P.###.#P.##............>
###...##.### #.###.#......#......
##...P#.# ##.# ###P....###.....
##.......# #..### #..P#.#.#.....
...P..#### #..#.# ##^.#..#......


You could see a boulder beetle.

Vanquished Creatures
  Gastronok (D:11)
  Fannar (Lair:2)
  Erolcha (D:11)
  2 hydras
  The ghost of vible the Basher, a journeyman GrFi of Qazlal (Lair:1)
  2 hill giants
  An orc knight (D:10)
  A manticore (D:8)
  An ugly thing (D:10)
  2 griffons
  A black mamba (Lair:1)
  A gargoyle (Volcano)
  2 centaur zombies
  3 molten gargoyles (Volcano)
  3 komodo dragons
  7 spiny frogs
  2 fire drakes
  A queen bee (Lair:3)
  A polar bear (Lair:3)
  2 trolls
  Prince Ribbit (D:7)
  The ghost of vible the Conjurer, an amateur DrFE (D:5)
  A boulder beetle (Lair:4)
  A shadow (D:10)
  Sigmund (D:6)
  The ghost of Hanibal the Magician, an amateur DEWz (D:4)
  A hippogriff (D:10)
  16 yaks (Lair:1)
  A fire elemental (Volcano)
  A fire bat (Volcano)
  2 vampire mosquitoes (D:10)
  Menkaure (D:4)
  Edmund (D:6)
  6 wolves (Lair:3)
  11 porcupines
  3 water moccasins
  3 ice beasts
  9 orc warriors
  5 ogres
  A black bear (D:3)
  3 phantoms
  A necrophage (D:9)
  5 centaurs
  9 crocodiles
  12 giant frogs
  A water moccasin zombie (D:8)
  An earth elemental (Volcano)
  7 scorpions
  24 killer bees (Lair:3)
  2 lava snakes (Volcano)
  The ghost of Hanibal the Magician, a weakling DEWz (D:3)
  A giant frog zombie (D:6)
  4 hounds
  11 orc wizards
  9 crimson imps
  7 orc priests
  2 giant frog skeletons
  9 iguanas
  7 jellies
  11 worker ants
  8 sheep
  A hound skeleton (D:5)
  A hound zombie (D:8)
  4 gnolls (D:7)
  A mummy (D:9)
  12 adders
  22 river rats
  4 shadow imps
  2 oozes
  2 worms
  6 giant geckos
  50 orcs
  5 giant cockroaches
  12 hobgoblins
  8 kobolds
  7 quokkas
  A ball python (D:4)
  7 bats
  5 giant newts
  12 goblins
  3 jackals (D:2)
  A quokka skeleton (D:4)
  13 rats
  2 fire vortices (Volcano)
  2 plants (D:9)
421 creatures vanquished.

Vanquished Creatures (collateral kills)
  An orc knight (Bailey)
  A manticore (D:12)
  A two-headed ogre (D:12)
  2 orc warriors (D:10)
  An eye of draining (D:10)
  2 orcs (D:10)
8 creatures vanquished.

Vanquished Creatures (others)
  2 fungi
  A plant (Lair:3)
3 creatures vanquished.

Grand Total: 432 creatures vanquished

Notes
Turn   | Place    | Note
--------------------------------------------------------------
     0 | D:1      | GilaZews the Troll Berserker began the quest for the Orb.
     0 | D:1      | Reached XP level 1. HP: 22/22 MP: 0/0
   301 | D:1      | Reached XP level 2. HP: 27/29 MP: 1/1
   456 | D:1      | Reached skill level 4 in Unarmed Combat
   531 | D:1      | Reached ** piety under Trog
   721 | D:2      | Reached XP level 3. HP: 28/36 MP: 2/2
  1043 | D:2      | Reached XP level 4. HP: 44/44 MP: 3/3
  1196 | D:2      | Reached skill level 5 in Unarmed Combat
  1205 | D:2      | Found a faded altar to an unknown god.
  1701 | D:3      | Found a shimmering altar of Xom.
  1783 | D:3      | Reached XP level 5. HP: 50/50 MP: 4/4
  1826 | D:3      | Noticed a black bear
  1833 | D:3      | Killed a black bear
  1833 | D:3      | Reached *** piety under Trog
  1833 | D:3      | Reached skill level 6 in Unarmed Combat
  1884 | D:3      | Noticed Hanibal's ghost (weakling DEWz)
  1903 | D:3      | Killed Hanibal's ghost
  1934 | D:3      | Reached XP level 6. HP: 56/59 MP: 5/5
  2006 | D:3      | Found a bloodstained altar of Trog.
  2214 | D:3      | Reached skill level 7 in Unarmed Combat
  2778 | D:4      | Noticed Hanibal's ghost (amateur DEWz)
  2833 | D:4      | Killed Hanibal's ghost
  2833 | D:4      | Reached XP level 7. HP: 67/67 MP: 6/6
  3018 | D:4      | Reached **** piety under Trog
  3127 | D:4      | Noticed Menkaure
  3133 | D:4      | Killed Menkaure
  3206 | D:4      | Found a burning altar of Makhleb.
  3216 | D:4      | Reached skill level 8 in Unarmed Combat
  3218 | D:4      | Got an ominously black robe
  3251 | D:4      | Reached XP level 8. HP: 53/78 MP: 7/7
  3301 | D:4      | Identified the +2 robe of the Wild Haggis {+Fly rPois Int+4 Slay+3} (You found it on level 4 of the Dungeon)
  3523 | D:5      | Entered Level 5 of the Dungeon
  3533 | D:5      | Found an ancient bone altar of Kikubaaqudgha.
  3594 | D:5      | Noticed vible's ghost (amateur DrFE)
  3608 | D:5      | Killed vible's ghost
  3608 | D:5      | Reached skill level 9 in Unarmed Combat
  3825 | D:5      | Found a glowing silver altar of Zin.
  4340 | D:6      | Found a stormy altar of Qazlal.
  4377 | D:6      | Found Zocluhei's Book Shop.
  4386 | D:6      | Reached skill level 5 in Dodging
  4395 | D:6      | Reached XP level 9. HP: 82/87 MP: 8/8
  4499 | D:6      | Reached skill level 5 in Fighting
  4708 | D:6      | Noticed Sigmund
  4719 | D:6      | Killed Sigmund
  4737 | D:6      | Noticed Edmund
  4744 | D:6      | Killed Edmund
  4744 | D:6      | Reached ***** piety under Trog
  4744 | D:6      | Reached skill level 1 in Throwing
  4869 | D:7      | Reached skill level 10 in Unarmed Combat
  5064 | D:7      | Found a glowing silver altar of Zin.
  5563 | D:7      | Found a staircase to the Ecumenical Temple.
  5620 | D:7      | Noticed Prince Ribbit
  5641 | D:7      | Killed Prince Ribbit
  5712 | D:7      | Found a sacrificial altar of Ru.
  5863 | D:8      | Found a stormy altar of Qazlal.
  5883 | D:8      | Found a flagged portal.
  5906 | Bailey   | Entered a bailey
  6399 | Bailey   | Noticed an orc knight
  6435 | Bailey   | Killed an orc knight
  6435 | Bailey   | Reached XP level 10. HP: 91/98 MP: 9/9
  6685 | D:8      | Received a gift from Trog
  7099 | D:8      | Found a blossoming altar of Fedhas.
  7219 | D:8      | Noticed a manticore
  7230 | D:8      | Killed a manticore
  7230 | D:8      | Reached skill level 1 in Shields
  7618 | D:9      | Found a staircase to the Lair.
  7633 | D:9      | Reached skill level 5 in Throwing
  7817 | D:9      | Found a snail-covered altar of Cheibriados.
  7856 | D:9      | Received a gift from Trog
  8205 | D:10     | Entered Level 10 of the Dungeon
  8313 | D:10     | Noticed a green ugly thing
  8324 | D:10     | Killed a green ugly thing
  8324 | D:10     | Reached skill level 11 in Unarmed Combat
  8430 | D:10     | Received a gift from Trog
  8438 | D:10     | Noticed an orc knight
  8443 | D:10     | Found a roughly hewn altar of Beogh.
  8443 | D:10     | Found a staircase to the Orcish Mines.
  8522 | D:10     | Killed an orc knight
  8522 | D:10     | Reached XP level 11. HP: 107/107 MP: 0/10
  8617 | D:10     | Noticed a hill giant
  8627 | D:10     | Killed a hill giant
  8731 | D:10     | Received a gift from Trog
  9200 | D:11     | Noticed Gastronok
  9214 | D:11     | Killed Gastronok
  9299 | D:11     | Noticed Erolcha
  9316 | D:11     | Killed Erolcha
  9532 | D:11     | Received a gift from Trog
  9657 | D:11     | Found a shadowy altar of Dithmenos.
  9784 | D:12     | Noticed a hill giant
  9791 | D:12     | Reached skill level 5 in Shields
  9794 | D:12     | Killed a hill giant
  9972 | Lair:1   | Entered Level 1 of the Lair of Beasts
 10239 | Lair:1   | Noticed a six-headed hydra
 10244 | Lair:1   | Killed a six-headed hydra
 10298 | Lair:1   | Received a gift from Trog
 10404 | Lair:1   | Reached XP level 12. HP: 118/118 MP: 11/11
 10556 | Lair:1   | Noticed vible's ghost (journeyman GrFi)
 10569 | Lair:1   | Killed vible's ghost
 10588 | Lair:1   | Received a gift from Trog
 10948 | Lair:1   | Received a gift from Trog
 11141 | Lair:2   | Noticed Fannar
 11679 | Lair:2   | Killed Fannar
 11785 | Lair:2   | Noticed Sonja
 12074 | Lair:3   | Found a dark tunnel.
 12079 | Volcano  | Entered a volcano
 12372 | Volcano  | Found a burning altar of Makhleb.
 12498 | Volcano  | Reached skill level 12 in Unarmed Combat
 12790 | Lair:3   | Received a gift from Trog
 13356 | Lair:3   | Received a gift from Trog
 13698 | Lair:3   | Reached XP level 13. HP: 128/128 MP: 12/12
 14175 | Lair:4   | Received a gift from Trog
 14526 | Lair:4   | HP: 6/192 [boulder beetle (13)]
 14533 | Lair:4   | Slain by a boulder beetle

Vault maps used:
D:1:      roderic_chinese_lattice_arrival, corner_web_ring
D:2:      ecumenical_altar_1
D:3:      led_xom_imps, trog_three_pillars_becter
D:4:      bloody_makhleb, uniq_menkaure
D:5:      kiku_gazebo_pond_becter, basic_altar, first_bread
D:6:      nicolae_qazlal_general_emergency, serial_shops,
          nicolae_shop_statue_plus, sigmund_edmund_badplayer
D:7:      nicolae_ru_the_path_less_chosen, old_standard_altar,
          minmay_temple_entry_enclosed_plants, uniq_prince_ribbit1
D:8:      enter_bailey_3, hangedman_tree_tricks, kennysheep_flooded_box
D:9:      slow_altar_1, david_lair_shrubbed, minivault_22
D:10:     david_orc_5
D:11:     nicolae_dithmenos_the_darkroom, uniq_erolcha, uniq_gastronok
D:12:     minmay_isolated_rectangles_in_corner, basic_altar
Lair:1:   beast_lair_carwin_8
Lair:2:   serial_bayou_shore_a, uniq_sonja, uniq_fannar
Lair:3:   nicolae_volcano_entry_s_turn, infiniplex_staircase_pool_2
Lair:4:   boulder_dual_corridor_run, grunt_megastairs_3
Bailey:   bailey_polearm_2, bailey
Volcano:  volcano_lake

Action                   |  1- 3 |  4- 6 |  7- 9 | 10-12 | 13-15 || total
-------------------------+-------+-------+-------+-------+-------++-------
Melee: Unarmed           |   109 |   113 |   268 |   598 |    40 ||  1128
Throw: Javelin           |       |       |    10 |       |       ||    10
       Stone             |       |       |     6 |       |       ||     6
       Large rock        |       |       |       |    32 |     5 ||    37
Invok: Berserk           |       |     5 |     4 |    10 |     1 ||    20
       Brothers in Arms  |       |       |     1 |     3 |       ||     4
       Trog's Hand       |       |       |     1 |     2 |       ||     3
 Abil: Evoke Flight      |       |       |       |       |     1 ||     1
  Use: Scroll            |       |       |    10 |     8 |     1 ||    19
 Stab: Sleeping          |       |       |       |     1 |     1 ||     2
  Eat: Chunk             |    15 |    15 |    43 |    73 |     6 ||   152
       Fruit             |       |       |       |     4 |       ||     4
       Beef jerky        |       |       |       |     1 |       ||     1
